 Dungeon Crawl Stone Soup version 0.28-a0-1199-gef9e1dbd39 (webtiles) character file.

Game seed: 15287892427665631759

18 Gargoyl the Skirmisher (level 2, -1/29 HPs)
             Began as a Gnoll Abyssal Knight on Dec 19, 2021.
             Was a Follower of Lugonu.
             Slain by Terence (2 damage)
             ... on level 2 of the Dungeon.
             The game lasted 00:01:34 (1408 turns).

Gargoyl the Skirmisher (Gnoll Abyssal Knight)       Turns: 1408, Time: 00:01:35

Health: -1/29      AC:  6    Str: 12    XL:     2   Next: 66%
Magic:  5/5        EV: 11    Int:  9    God:    Lugonu [*.....]
Gold:   14         SH:  0    Dex: 12    Spells: 2/2 levels left

rFire   . . .      SeeInvis .   a - +1 hand axe
rCold   . . .      Faith    .   (no shield)
rNeg    . . .      Spirit   .   g - +0 ring mail
rPois   .          Reflect  .   (no helmet)
rElec   .          Harm     .   (no cloak)
rCorr   .          Rampage  .   (no gloves)
Will    .....                   (no boots)
Stlth   +.........              (no amulet)
HPRegen 0.09/turn               (no ring)
MPRegen 0.09/turn               (no ring)

@: no status effects
A: fangs 1, strong nose, distributed training
a: Renounce Religion, Depart the Abyss


You were on level 2 of the Dungeon.
You worshipped Lugonu.
Lugonu was aware of your devotion.
You visited 1 branch of the dungeon, and saw 2 of its levels.
You visited the Abyss 1 time.

You collected 14 gold pieces.

Inventory:

Hand Weapons
 a - a +1 hand axe (weapon)
Missiles
 d - 17 poisoned darts (quivered)
Armour
 g - a +0 ring mail (worn)
Scrolls
 f - a scroll of identify
Potions
 c - a potion of curing
 e - a potion of magic


   Skills:
 + Level 6.5 Fighting
 + Level 0.5 Short Blades
 + Level 0.5 Long Blades
 + Level 4.5 Axes
 + Level 0.5 Maces & Flails
 + Level 0.5 Polearms
 + Level 0.5 Staves
 + Level 0.5 Slings
 + Level 0.5 Bows
 + Level 0.5 Crossbows
 + Level 0.5 Throwing
 + Level 4.5 Armour
 + Level 2.5 Dodging
 + Level 0.5 Stealth
 + Level 0.5 Shields
 + Level 0.5 Unarmed Combat
 + Level 0.5 Spellcasting
 + Level 0.3 Conjurations
 + Level 0.3 Hexes
 + Level 0.3 Summonings
 + Level 0.3 Necromancy
 + Level 0.3 Translocations
 + Level 0.3 Transmutations
 + Level 0.3 Fire Magic
 + Level 0.3 Ice Magic
 + Level 0.3 Air Magic
 + Level 0.3 Earth Magic
 + Level 0.3 Poison Magic
 + Level 4.5 Invocations
 + Level 0.5 Evocations


You had 2 spell levels left.
You didn't know any spells.
Your spell library contained the following spells:

 Spells                   Type           Power      Damage    Failure   Level
 Sandblast                Erth           0%         2d4       58%         1
 Passwall                 Tmut/Erth      0%         N/A       73%         2
 Stone Arrow              Conj/Erth      0%         3d7       91%         3


Dungeon Overview and Level Annotations

Branches:
Dungeon (2/15)

Altars:

Annotations:
D:2 Terence


Innate Abilities, Weirdness & Mutations

You have very sharp teeth.
Your uncanny sense of smell can sniff out nearby items.
Your experience applies equally to all skills.


Message History

You completely miss Terence. You bite Terence.
Terence is heavily wounded.
Terence completely misses you.
You hit Terence.
Terence is heavily wounded.
Terence barely misses you.
You closely miss Terence.
Terence is heavily wounded.
Terence bares his teeth.
Terence closely misses you.
You hit Terence.
Terence is severely wounded.
Terence hits you with a +0 mace!
* * * LOW HITPOINT WARNING * * *
You hit Terence but do no damage.
Terence is severely wounded.
Terence barely misses you.
You hit Terence but do no damage.
Terence is severely wounded.
Terence completely misses you.
Unknown command.
Unknown command.
Press: ? - help, v - describe, . - travel, g - get item
Here: Terence, wielding a +0 mace and wearing a +0 ring mail (severely wounded) Item here: a rat corpse.
The floor, spattered with blood.
Okay, then.
You hit Terence.
Terence is almost dead.
Terence hits you with a +0 mace.
* * * LOW HITPOINT WARNING * * *
Terence closely misses you.
You hit Terence. You bite Terence, but do no damage.
Terence is almost dead.
Terence hits you with a +0 mace.
* * * LOW HITPOINT WARNING * * *
Your ring mail prevents you from hitting Terence.
Terence is almost dead.
Terence hits you with a +0 mace.
You die...

######### #
#....!... .# #[# #.
########.# .
.......#.# .#
.#####.#.#
####.##### .# #.#.#
#.@@...... .# #.#.#
#..####### .# #.#.#
#..# .#
#<#.######..#
.#######.#.......#
...#.....#.#####.##
.#[#.#####.# #...
.........#.#####.###
.#.#.###.#.........


You could see Terence.

Vanquished Creatures
  A dart slug (D:1)
  An endoplasm (D:1)
  A giant cockroach (D:1)
  2 goblins (D:1)
  A hobgoblin (D:1)
  A ball python (D:1)
  3 bats (D:1)
  2 frilled lizards (D:1)
  A kobold (D:1)
  5 rats
18 creatures vanquished.

Notes
Turn   | Place    | Note
-------+----------+-------------------------------------------
     0 | Abyss:1  | Gargoyl the Gnoll Abyssal Knight began the quest for the
                  | Orb.
     0 | Abyss:1  | Reached XP level 1. HP: 23/23 MP: 3/3
    50 | Abyss:1  | Noticed a blink frog
    84 | Abyss:1  | Found a corrupted altar of Lugonu.
   111 | Abyss:1  | Noticed a large abomination
   129 | Abyss:1  | Noticed a tentacled starspawn
   132 | D:1      | Escaped the Abyss
   584 | D:1      | Reached XP level 2. HP: 27/29 MP: 5/5
   926 | D:1      | Reached * piety under Lugonu
  1385 | D:2      | Noticed Terence
  1407 | D:2      | HP: 1/29 [Terence (1)]
  1408 | D:2      | Slain by Terence

Illustrated notes

Levels and vault maps discovered:
D:1:      dpeg_arrival_stone_temple_mockup, layout_loops_corners
D:2:      layout_basic, uniq_terence, uniq_crazy_yiuf_cottage, uniq_sigmund

Action                   || total
-------------------------++-------
Melee: Hand axe          ||    68
       Bite              ||     5
Invok: Depart the Abyss  ||     1
  Use: Scroll            ||     3
       Potion            ||     3
Armor: Leather armour    ||    24
       Ring mail         ||     1
Dodge: Dodged            ||    65

Table legend: (Time is in decaauts)
 A = Elapsed time spent in this place.
 B = Non-inter-level travel time spent in this place.
 C = Inter-level travel time spent in this place.
 D = Time resting spent in this place.
 E = Time spent auto-exploring this place.
 F = Levels seen in this place.
 G = Mean time per level.
                   A        B        C        D        E       F      G
               +--------+--------+--------+--------+--------+-----+--------+
         Total |   1412 |   1359 |     53 |      0 |   1071 |   3 |  470.7 |
       Dungeon |   1280 |   1227 |     53 |      0 |    983 |   2 |  640.0 |
         Abyss |    132 |    132 |      0 |      0 |     88 |   1 |  132.0 |
               +--------+--------+--------+--------+--------+-----+--------+

Top non-repeatable levels by time:
     D:1: 1157 daAuts
 Abyss:1: 132 daAuts
     D:2: 122 daAuts
